 Dungeon Crawl Stone Soup version 0.31.0-9-g3a7656b989 (webtiles) character file.

Game seed: 16679368766153863489

331 monsoonserge the Shooter (level 6, -1/44 HPs)
             Began as a Formicid Hexslinger on Jan 24, 2024.
             Was an Initiate of Okawaru.
             Slain by an orc priest
             ... wielding a +0 dagger
              (3 damage)
             ... on level 4 of the Dungeon.
             The game lasted 00:10:16 (3375 turns).

monsoonserge the Shooter (Formicid Hexslinger)      Turns: 3375, Time: 00:10:17

Health: -1/44      AC:  4    Str: 13    XL:     6   Next: 81%
Magic:  6/8        EV: 17    Int: 14    God:    Okawaru [......]
Gold:   201        SH:  0    Dex: 16    Spells: 6/8 levels left

rFire   . . .        a - +1 sling
rCold   . . .        (no shield)
rNeg    + . .        j - +0 leather armour
rPois   .            (helmet unavailable)
rElec   .            s - +0 cloak
rCorr   .            (no gloves)
SInv    +            (no boots)
Will    .....        (no amulet)
Stlth   +            m - +5 ring of evasion
HPRegen 0.27/turn    k - ring of positive energy
MPRegen 0.11/turn

%: no passive effects
@: weak-willed
A: permanent stasis, dig shafts and tunnels, antennae 3, four strong arms
a: Dig, Shaft Self, Renounce Religion


You were on level 4 of the Dungeon.
You worshipped Okawaru.
Okawaru was noncommittal.
You visited 1 branch of the dungeon, and saw 4 of its levels.

You collected 201 gold pieces.

Inventory:

Hand Weapons
 a - a +1 sling (weapon)
Armour
 c - a +0 robe
 j - a +0 leather armour (worn)
 s - a +0 cloak (worn)
Jewellery
 g - a ring of magical power
 k - a ring of positive energy (right hand)
 m - a +5 ring of evasion (left hand)
Wands
 r - a wand of mindburst (11)
Scrolls
 b - 2 scrolls of poison
 d - 3 scrolls of identify {unknown}
 e - a scroll of fog {unknown}
 h - 2 scrolls of enchant weapon {unknown}
 i - a scroll of revelation {unknown}
 n - 2 scrolls of vulnerability {unknown}
 o - a scroll of teleportation {unknown}
Potions
 f - a potion of degeneration {unknown}
 l - 2 potions of magic {unknown}
 p - 2 potions of haste {unknown}
 q - a potion of curing {unknown}
 t - a potion of heal wounds {unknown}
 u - 2 potions of mutation {unknown}


   Skills:
 + Level 2.1 Fighting
 + Level 5.2 Ranged Weapons
 * Level 2.1 Armour
 + Level 2.3 Dodging
 + Level 0.5 Stealth
 + Level 1.5 Spellcasting
 + Level 4.3 Hexes
 - Level 1.0 Fire Magic


You had 6 spell levels left.
You knew the following spells:

 Your Spells              Type           Power      Damage    Failure   Level
a - Jinxbite              Hex            26%        N/A       9%          2

Your spell library contained the following spells:

 Spells                   Type           Power      Damage    Failure   Level
 Sigil of Binding         Hex            13%        N/A       16%         3
 Sandblast                Erth           2%         2d4       32%         1
 Inner Flame              Hex/Fire       8%         N/A       32%         3
 Cause Fear               Hex            6%         N/A       47%         4
 Passwall                 Erth           1%         N/A       67%         3
 Stone Arrow              Conj/Erth      2%         3d7       67%         3
 Dimensional Bullseye     Hex/Tloc       3%         N/A       78%         4
 Brom's Barrelling Bould  Conj/Erth      1%         2d3       97%         4


Dungeon Overview and Level Annotations

Branches:
Dungeon (4/15)
 Temple: D:4-7

Altars:
Cheibriados
Okawaru
Vehumet

Shops:
D:3 =(


Innate Abilities, Weirdness & Mutations

You cannot be hasted, slowed, berserked, paralysed or teleported.
You can dig through walls and to a lower floor.
You have a pair of large antennae on your head. (SInv)
Your four strong arms can wield two-handed weapons with a shield.


Message History

The orc priest barely misses you.
Fire: a) +1 sling
Press: ? - help, Q - select action, (/) - cycle Shift-Dir - straight line, f/p - orc priest
Aim: an orc priest, wielding a +0 hand axe (severely wounded, heavily drained, chance to call a sprite on attack: 59%, 62% to hit)
You shoot a sling bullet.
The sling bullet closely misses the orc priest.
A giggling sprite leaps out and bonks the orc priest with its +0 hand axe.
The orc priest is severely wounded.
The orc priest closely misses you. The orc misses you.
The orc priest hits you with a +0 dagger.
Fire: a) +1 sling
Press: ? - help, Q - select action, (/) - cycle Shift-Dir - straight line, f/p - orc priest
Aim: an orc priest, wielding a +0 hand axe (severely wounded, heavily drained, chance to call a sprite on attack: 59%, 62% to hit)
You shoot a sling bullet. The sling bullet hits the orc priest!
You kill the orc priest!
Okawaru accepts your kill. The orc closely misses you.
The orc priest closely misses you.
Unknown command.
Fire: a) +1 sling
Press: ? - help, Q - select action, (/) - cycle Shift-Dir - straight line, f - orc priest
Aim: an orc priest, wielding a +0 dagger and wearing a +0 scale mail (lightly wounded, chance to call a sprite on attack: 47%, 65% to hit)
You shoot a sling bullet. The sling bullet hits the orc priest.
The orc priest is moderately wounded.
The orc closely misses you.
The orc priest mumbles some strange prayers to Beogh against you.
Beogh smites you!
* * * LOW HITPOINT WARNING * * *
The orc hits you but does no damage.
The orc priest hits you with a +0 dagger.
* * * LOW HITPOINT WARNING * * *
Fire: a) +1 sling
Press: ? - help, Q - select action, (/) - cycle Shift-Dir - straight line, f/p - orc priest
Aim: an orc priest, wielding a +0 dagger and wearing a +0 scale mail (moderately wounded, chance to call a sprite on attack: 47%, 65% to hit)
You shoot a sling bullet. The sling bullet hits the orc priest.
The orc priest is severely wounded.
You hear the slow rusting of a very distant drain.
The jinxing sprites lose interest in you.
The orc barely misses you.
The orc priest hits you with a +0 dagger.
You die...

....##....###
....#.......#
#..........
#.........
##........
#.....$..#
>.....)o.#
#.o@#
.......##
...#.## . #


You could see an orc priest and an orc.

Vanquished Creatures
  An ogre (D:4)
  2 orc priests
  Terence (D:3)
  An iguana (D:3)
  An orc wizard (D:3)
  A gnoll (D:3)
  3 adders
  2 dart slugs
  A ribbon worm (D:2)
  6 orcs
  3 ball pythons
  4 endoplasms
  4 giant cockroaches
  7 hobgoblins
  11 kobolds
  3 quokkas
  7 bats
  2 frilled lizards
  5 goblins
  4 rats (D:1)
69 creatures vanquished.

Notes
Turn   | Place    | Note
-------+----------+-------------------------------------------
     0 | D:1      | monsoonserge the Formicid Hexslinger began the quest for
                  | the Orb.
     0 | D:1      | Reached XP level 1. HP: 15/15 MP: 2/2
   144 | D:1      | Reached XP level 2. HP: 21/21 MP: 3/3
   147 | D:1      | Learned a level 2 spell: Jinxbite
   296 | D:1      | Reached XP level 3. HP: 20/26 MP: 4/4
  1031 | D:2      | Reached skill level 3 in Ranged Weapons
  1296 | D:2      | Reached XP level 4. HP: 15/32 MP: 4/6
  2111 | D:3      | Reached XP level 5. HP: 27/38 MP: 7/7
  2248 | D:3      | Reached skill level 1 in Armour
  2269 | D:3      | Reached skill level 4 in Ranged Weapons
  2403 | D:3      | Found Elukiw's One-of-a-Kind Rings.
  2465 | D:3      | Found a radiant altar of Vehumet.
  2465 | D:3      | Found a snail-covered altar of Cheibriados.
  2555 | D:3      | Reached XP level 6. HP: 44/44 MP: 5/8
  2555 | D:3      | Found an iron altar of Okawaru.
  2563 | D:3      | Became a worshipper of Warmaster Okawaru
  2674 | D:3      | Noticed Terence
  2688 | D:3      | Killed Terence
  3058 | D:3      | Found Aclo's Antique Weapon Shop.
  3313 | D:4      | Noticed an ogre
  3321 | D:4      | Killed an ogre
  3322 | D:4      | Reached skill level 5 in Ranged Weapons
  3374 | D:4      | HP: 2/44 [orc priest/+0 dagger (4)]
  3375 | D:4      | Slain by an orc priest

Illustrated notes

Levels and vault maps discovered:
D:1:      giann_wishing_wells, layout_loops_ring, serial_bayou_pond_d,
          chequers_mini_garden, grunt_decor_mini_mirrors
D:2:      cheibrodos_pilgrimage, layout_loops_corners, grunt_decor_resistance,
          ebering_dispersal_statue_hall, dreamdust_wishing_well
D:3:      layout_basic, okawaru_altar_gauntlet_db,
          gammafunk_temple_overflow_statue, serial_shops,
          nicolae_shop_back_alley_shop, eino_tiny_chamber,
          nicolae_shop_unique_rings, uniq_terence
D:4:      layout_cave_pools, portal_sewer_entry_d, hex_medium,
          minmay_misc_feat_rugged

Skill      XL: |  1  2  3  4  5  6 |
---------------+-------------------+-----
Dodging        | 2 |  2.3
Hexes          | 4 |  4.3
Ranged Weapons | 3 4 5 |  5.2
Armour         | 1 2 |  2.1
Fighting       | 2 |  2.1
Stealth        | |  0.5
Spellcasting   | |  1.5
Fire Magic     | |  1.0

Action                     |  1- 3 |  4- 6 || total
---------------------------+-------+-------++-------
   Fire: Sling             |   107 |   128 ||   235
   Cast: Jinxbite          |     2 |     6 ||     8
Ability: Dig               |     2 |       ||     2
 Armour: Robe              |    41 |       ||    41
         Leather armour    |       |    37 ||    37
  Dodge: Dodged            |    42 |    92 ||   134
